 Dungeon Crawl Stone Soup version 0.32-a0-132-g2d33c3cfaf (webtiles) character file.

Game seed: 14941731870462982650

1886320 EnegeticOcto the Wild Human (level 27, 214/222 (224) HPs)
             Began as a Human Berserker on Feb 9, 2024.
             Was a High Priest of Trog.
             Escaped with the Orb
             ... and 3 runes!
             The game lasted 01:45:26 (56313 turns).

EnegeticOcto the Wild Human (Human Berserker)      Turns: 56313, Time: 01:45:26

HP:   214/222 (224) AC: 51    Str: 43    XL:     27
MP:   30/33         EV: 13    Int: 13    God:    Trog [*****.]
Gold: 1375          SH: 27    Dex: 11    Spells: 26/26 levels left

rFire   + + +        a - +9 eveningstar (flame)
rCold   + . .        Q - +7 tower shield {rF+}
rNeg    . . .        W - +13 crystal plate armour of the Glimmering Gods {Will+}
rPois   +            x - +0 helmet "Cuynimn" {rElec rPois rCorr Str+2}
rElec   +            y - +1 cloak of Amorality {rF+++ Regen+ Dex-3 SInv}
rCorr   +            u - +1 pair of gloves of the Black Moon {rElec Regen+ Str+4}
SInv    +            D - +2 pair of boots
Will    +++..        O - amulet of guardian spirit Stlth
                     o - +6 ring of strength
HPRegen 2.17/turn    S - ring "Bophuech" {Ice Str+4 Stlth+}
MPRegen 0.23/turn

%: guardian spirit
@: studying 3 skills, lightly drained
A: explore regen, hooves 1, clever 1, low MP 1, sense surroundings 1, inability
to read after injury 1
0: Orb of Zot
}: 3/15 runes: serpentine, barnacled, silver
a: Renounce Religion, Berserk, Trog's Hand, Brothers in Arms


You escaped.
You worshipped Trog.
Trog was extremely pleased with you.
You visited 9 branches of the dungeon, and saw 47 of its levels.
You visited the Abyss 1 time.
You also visited: Gauntlet, Volcano, Wizlab and Desolation.

You collected 7531 gold pieces.
You spent 6156 gold pieces at shops.

Inventory:

Hand Weapons
 a - a +9 eveningstar of flaming (weapon)
   (Trog gifted it to you on level 2 of the Orcish Mines)
Missiles
 j - 36 boomerangs (quivered)
 J - 6 throwing nets {!f}
 M - 13 javelins
 X - 12 curare-tipped darts
 Y - 20 silver javelins
Armour
 u - the +1 pair of gloves of the Black Moon (worn) {rElec Regen+ Str+4}
   (You found it in the Desolation of Salt)

   Str+4:     It affects your strength (+4).
   rElec:     It insulates you from electricity.
   Regen+:    It increases your rate of health regeneration.
 x - the +0 helmet "Cuynimn" (worn) {rElec rPois rCorr Str+2}
   (You found it on level 3 of the Elven Halls)

   Str+2:     It affects your strength (+2).
   rElec:     It insulates you from electricity.
   rPois:     It protects you from poison rCorr: It protects you from acid and
   corrosion.
 y - the +1 cloak of Amorality (worn) {rF+++ Regen+ Dex-3 SInv}
   (You found it on level 3 of the Snake Pit)

   Dex-3:     It affects your dexterity (-3).
   rF+++:     It renders you almost immune to fire.
   SInv:      It lets you see invisible.
   Regen+:    It increases your rate of health regeneration.
 D - a +2 pair of boots (worn)
   (You found it on level 13 of the Dungeon)
 Q - a +7 tower shield of fire resistance (worn)
   (You found it in a volcano)
 W - the +13 crystal plate armour of the Glimmering Gods (worn) {Will+}
   (You found it on level 11 of the Dungeon)

   Will+:     It increases your willpower.
Jewellery
 o - a +6 ring of strength (left hand)
   (You found it on level 2 of the Dungeon)
 q - a ring of flight
   (You found it on level 3 of the Dungeon)
 N - the ring of Hixoa {Fly rN+ Will+ Str-3 Dex+2}
   (You took it off a ragged hierophant in the Desolation of Salt)

   [ring of positive energy]

   Str-3:     It affects your strength (-3).
   Dex+2:     It affects your dexterity (+2).
   rN+:       It protects you from negative energy.
   Will+:     It increases your willpower.
   Fly:       It grants you flight.
 O - an amulet of guardian spirit (around neck)
   (You bought it in a shop on level 5 of the Vaults)
 S - the ring "Bophuech" (right hand) {Ice Str+4 Stlth+}
   (You found it in the Desolation of Salt)

   [ring of ice]

   Ice:       It enhances your ice magic.
   Str+4:     It affects your strength (+4).
   rF-:       It makes you vulnerable to fire.
   rC+:       It protects you from cold.
   Stlth+:    It makes you more stealthy.
Wands
 k - a wand of acid (40) {@v1}
   (You found it in a Gauntlet)
 v - a wand of flame (116) {@v4}
   (You took it off Natasha on level 3 of the Dungeon)
 E - a wand of charming (32)
   (You found it on level 3 of the Lair of Beasts)
 L - a wand of digging (1) {@v3}
   (You found it on level 6 of the Dungeon)
 U - a wand of mindburst (4)
   (You found it on level 4 of the Shoals)
 V - a wand of roots (24) {@v2}
   (You found it on level 11 of the Dungeon)
Scrolls
 e - 4 scrolls of blinking {@r4}
 g - 16 scrolls of teleportation {@r3 !r}
 h - 5 scrolls of fear {!r}
 i - a scroll of revelation {@r5 !r}
 l - 3 scrolls of vulnerability
 r - 3 scrolls of immolation
 t - 6 scrolls of poison {!r}
 z - 3 scrolls of summoning {!r}
 A - 5 scrolls of silence {!r}
 H - 2 scrolls of torment
 R - 5 scrolls of fog {!r}
Potions
 c - 14 potions of heal wounds {@q2 !q}
 d - 3 potions of invisibility
 f - 6 potions of lignification {@q6}
 m - 13 potions of curing {@q1 !q}
 p - 6 potions of cancellation
 s - 4 potions of berserk rage
 w - 4 potions of ambrosia
 B - 2 potions of magic
 C - 3 potions of haste {@q4 !q}
 F - 11 potions of mutation
 I - 9 potions of resistance
 K - 4 potions of enlightenment
 P - 7 potions of attraction
 Z - 10 potions of might {@q3 !q}
Miscellaneous
 b - a tin of tremorstones (2/2)
   (You found it on level 5 of the Vaults)
 n - a phial of floods
   (You found it on level 2 of the Snake Pit)
 G - a lightning rod (4/4)
   (You found it on level 1 of the Lair of Beasts)
 T - a sack of spiders (inert)
   (You bought it in a shop on level 3 of the Shoals)


   Skills:
 - Level 20.0 Fighting
 - Level 16.0 Maces & Flails
 + Level 19.8 Throwing
 - Level 20.0 Armour
 + Level 15.6 Dodging
 - Level 20.0 Shields
 - Level 20.1 Invocations
 + Level 19.7 Evocations


You had 26 spell levels left.
You didn't know any spells.
Your spell library was empty.

Dungeon Overview and Level Annotations

Branches:
Dungeon (15/15)            Temple (0/1) D:4            Lair (5/5) D:9
 Shoals (4/4) Lair:2        Snake (4/4) Lair:2        Slime (0/5) Lair:5
    Orc (2/2) D:11            Elf (3/3) Orc:2        Vaults (5/5) D:14
  Crypt (0/3) Vaults:3     Depths (4/4) D:15            Zot (5/5) Depths:4
Volcano (visited)          WizLab (visited)         Desolation (visited)
Gauntlet (visited)

Altars:
Ashenzari
Dithmenos
Hepliaklqana
Kikubaaqudgha
Makhleb
Okawaru
Ru
Trog
Uskayaw
Wu Jian
Xom
Yredelemnul
Jiyva
Lugonu

Shops:
D:5 (   D:15 (   Orc:2 [[(?(   Elf:2 (   Shoals:2 :   Shoals:3 !**
Snake:1 [[[   Snake:2 *   Snake:3 :   Vaults:3 (   Vaults:5 *==(!   Depths:4 ?*

Portals:
Hell: Lair:5 Depths:1 Depths:2 Depths:3 Depths:4
Abyss: Depths:3 Depths:4
Pandemonium: Depths:2
Ziggurat: Depths:1
Trove: Elf:1 (give 13 potions of heal wounds)

Annotations:
D:11 3 runed translucent doors
Shoals:1 Roxanne
Snake:1 2 transporters, exclusion: orange crystal statue
Orc:1 1 runed translucent door
Zot:1 exclusion: downstairs
Zot:3 3 runed translucent doors, Calu's ghost, legendary KoHu


Innate Abilities, Weirdness & Mutations

You regain HP and MP as you explore.
You have large cloven feet.
Your mind is acute. (Int +4, Str/Dex -1)
Your magical capacity is low. (-10% MP)
You passively map a small area around you.
You occasionally lose the ability to read scrolls when taking damage.


Message History

You block the profane servitor's attack.
You puncture the profane servitor! You burn the profane servitor.
The profane servitor is lightly damaged.
You block the profane servitor's attack. x2
You bludgeon the profane servitor!! You burn the profane servitor!
The profane servitor is moderately damaged.
The profane servitor barely misses you.
You block the profane servitor's attack.
You miss the profane servitor.
The profane servitor is moderately damaged.
The profane servitor hits you but does no damage.
You block the profane servitor's attack.
You closely miss the profane servitor.
The profane servitor is moderately damaged.
You block the profane servitor's attack. x2
You flatten the profane servitor like a pancake!!!
You burn the profane servitor.
The profane servitor is severely damaged.
You block the profane servitor's attack.
The profane servitor hits you but does no damage.
You miss the profane servitor.
The profane servitor is severely damaged.
You block the profane servitor's attack. x2
You closely miss the profane servitor.
The profane servitor is severely damaged.
You block the profane servitor's attack. x4
You completely miss the profane servitor.
The profane servitor is severely damaged.
The profane servitor hits you with a +3 whip!
The profane servitor draws strength from your injuries!
The profane servitor hits you with a +3 whip!
You feel drained.
You miss the profane servitor.
The profane servitor is heavily damaged.
The profane servitor hits you but does no damage.
You block the profane servitor's attack.
You closely miss the profane servitor.
The profane servitor is heavily damaged.
You block the profane servitor's attack.
The profane servitor hits you but does no damage.
You impale the profane servitor!! You burn the profane servitor!
The profane servitor is severely damaged.
You block the profane servitor's attack. x2
You hit the profane servitor but do no damage.
The profane servitor is severely damaged.
You block the profane servitor's attack. x2
You crush the profane servitor like a grape!!!
You burn the profane servitor!
You destroy the profane servitor!
Trog accepts your kill.
No target in view!
No target in view!
No target in view!
No target in view!
No target in view!
(D) Dungeon (T) Temple (L) Lair (A) Shoals (P) Snake Pit (M) Slime Pits (O) Orcish Mines (E) Elven Halls (V) Vaults (C) Crypt (U) Depths (H) Hell (Z) Zot
Where to? (Tab/Enter - D:1 @ (x,y), ? - help)
You see here a +3 whip.
HP restored.
Magic restored.
There is a stone staircase leading up here.
You climb upwards.
There is a stone staircase leading down here.
There is an open door, spattered with blood here.
You see here a +0 short sword.
There is a stone staircase leading up, spattered with blood here.
You climb upwards.
There is a stone staircase leading down here.
Things that are here:
a +0 chain mail; a +0 club
There is a stone staircase leading up here.
You climb upwards.
There is a stone staircase leading down here.
There is an open door here.
A Tzitzimitl comes into view.
Unknown command.
Unknown command.
Unknown command.
There is a stone staircase leading up here.
You climb upwards.
There is a stone staircase leading down here.
(D) Dungeon (T) Temple (L) Lair (A) Shoals (P) Snake Pit (M) Slime Pits (O) Orcish Mines (E) Elven Halls (V) Vaults (C) Crypt (U) Depths (H) Hell (Z) Zot
Where to? (Tab/Enter - D:1 @ (x,y), ? - help)
A Hell Sentinel comes into view.
Unknown command.
Unknown command.
You open the door.
There is an open door here.
The Hell Sentinel gestures at you.
The sphere of damnation explodes!
The damnation engulfs you!!
You open the door.
There is an open door here.
There is a staircase leading out of the dungeon here.
You have escaped!

...#....#####.###.##..###........
####....#...#...#.###...#........
..##...##.#.###.#.#####.##...#.##
..##..'#..#.....#..####.##'..#.#
..##..#..######.##.#.1...1#..#.#
..##.#####...##.#..#.#######.#.#
..##.#...#.#.##'#'##.#...# #.#.##
..##.#.#.#.#.##...##.#.#.###.#...
..##.'.#.#.#..'.@.'1.#.#.#.'.####
..##.###.#.#.##...##.#.#.#.#.....
..##.# #...#.##'#'##.#.#...#..###
.....#######.#..#.##...#####..#..
......#......#.##.######..#...#.#
......'##.####..#.....#..#'...#.#
.......##.#####.#####.#.##....#.#
#.......#...###.....#...#.....#.#
#.......###..##.###.#####.....#.#


You could see a Hell Sentinel.

Vanquished Creatures
  Frederick (Vaults:3)
  5 orbs of fire (Zot:5)
  A dread lich (Vaults:5)
  Tiamat (Zot:4)
  3 ancient liches
  Mara (Vaults:5)
  The ghost of Xeywnuph the Stormcaller, a veteran DrRe of Xom (Zot:5)
  Josephina (Depths:3)
  Xtahua (Depths:3)
  2 Killer Klowns (Zot:5)
  Bai Suzhen (Shoals:4)
  Parghit (Depths:3)
  Vashnia (Snake:3)
  4 caustic shrikes (Depths:4)
  8 golden dragons
  A profane servitor (D:5)
  2 bone dragons
  Norris (Depths:2)
  3 electric golems
  2 doom hounds (Zot:4)
  A Brimstone Fiend (D:6)
  A walking crystal tome (Depths:3)
  Mlioglotl (Snake:1)
  20 Orb Guardians
  Grunn (Zot:4)
  3 liches
  A walking frostbound tome (Depths:3)
  5 deep elf blademasters (Elf:3)
  6 titans
  10 tentacled monstrosities
  9 sphinxes
  Polyphemus (Shoals:3)
  7 quicksilver dragons
  A tentacled starspawn (Abyss:2)
  3 deep elf master archers (Elf:3)
  Agnes (Snake:1)
  2 krakens (Shoals:2)
  8 death cobs
  Kirke (Shoals:1)
  9 shadow dragons
  Aizul (Snake:1)
  9 storm dragons
  7 tengu reavers
  5 protean progenitors
  8 nagarajas
  Ilsuiw (Shoals:2)
  8 draconian knights
  2 fire giants
  2 draconian monks
  Louise (Elf:2)
  6 draconian shifters
  A ghost moth (Zot:5)
  11 frost giants
  22 vault wardens
  3 deep elf elementalists (Elf:3)
  7 draconian scorchers
  4 iron dragons
  7 deep elf sorcerers
  15 very ugly things
  2 draconian stormcallers (Zot:4)
  2 cacodemons (D:10)
  6 formless jellyfish
  4 orc warlords
  2 spriggan defenders (Depths:2)
  22 ironbound preservers
  5 draconian annihilators
  3 vampire knights (Depths:2)
  20 stone giants
  Nessos (D:13)
  7 ironbound thunderhulks
  A lorocyproca (Depths:2)
  20 purple draconians
  17 white draconians
  4 deep elf death magi (Elf:3)
  14 red draconians
  A bunyip (Zot:5)
  4 deep elf demonologists
  Azrael (D:12)
  9 green draconians
  7 yellow draconians
  5 war gargoyles
  8 deep elf annihilators
  9 black draconians
  3 halazid warlocks (Desolation)
  10 spark wasps
  2 minotaurs
  3 statues (WizLab)
  The ghost of HourglassMan the Nimble, a journeyman MfAl of Vehumet (Orc:2)
  7 merfolk impalers
  3 crystal guardians
  4 merfolk javelineers
  2 entropy weavers (Vaults:4)
  3 fire dragons
  10 ragged hierophants (Desolation)
  45 vault guards
  5 deep elf high priests
  11 ice dragons
  14 ettins
  21 yaktaur captains
  5 rakshasas
  The ghost of temujin the Cruncher, a journeyman DjCj of Hepliaklqana (D:12)
  8 great orbs of eyes
  4 merfolk avatars
  4 servants of whispers (Desolation)
  2 catoblepae
  4 salamander tyrants
  2 ogre magi
  9 peacekeepers
  9 hydras
  9 ironbound frosthearts
  5 spriggan air magi
  A spriggan skeleton (Abyss:2)
  31 centaur warriors
  6 two-headed ogres
  A hell beast (Depths:1)
  2 boulder beetles
  27 dancing weapons
  12 anacondas
  3 merfolk aquamancers
  A two-headed ogre (shapeshifter) (Depths:3)
  13 naga warriors
  6 tengu warriors
  3 deep troll earth magi
  2 satyrs
  A hell hog (Volcano)
  8 death yaks
  6 shock serpents
  8 spriggan berserkers
  2 hell knights
  Urug (Lair:3)
  A sphinx skeleton (Vaults:4)
  An orc high priest (Orc:2)
  3 deep troll shamans (Depths:2)
  5 occultists
  23 naga sharpshooters
  A thrashing horror (Abyss:2)
  2 shock serpents (shapeshifter)
  15 deep elf knights
  A sun demon (Depths:2)
  11 skysharks
  A wretched star (Abyss:2)
  Amaemon (D:9)
  7 salamander mystics (Snake:4)
  2 skeletal warriors
  3 sixfirhies
  3 iron trolls
  9 sea snakes
  42 deep trolls
  A quicksilver dragon simulacrum (Depths:1)
  A glowing orange brain (shapeshifter) (Vaults:5)
  4 flayed ghosts
  25 ironbound convokers
  12 deep elf archers
  3 glowing orange brains
  A sun moth (shapeshifter) (Depths:3)
  6 orc knights
  An obsidian statue (Gauntlet)
  9 arcanists
  9 naga ritualists
  19 mana vipers
  An elf zombie (Vaults:4)
  A lindwurm (shapeshifter) (Depths:3)
  13 lindwurms
  27 harpies
  A harpy (shapeshifter) (D:14)
  4 phantasmal warriors (Vaults:5)
  Pikel (D:8)
  A necromancer (Vaults:4)
  24 deep elf zephyrmancers
  32 deep elf pyromancers
  7 orc sorcerers
  20 ugly things
  13 salamanders
  A worldbinder (Abyss:2)
  10 fauns
  6 cyclopes
  13 manticores
  13 moths of wrath
  6 kobold blastminers
  35 black mambas
  6 water nymphs
  A guardian serpent (shapeshifter) (Vaults:5)
  4 merfolk sirens
  A meliai (shapeshifter) (Elf:2)
  8 orange demons
  19 elephants
  2 molten gargoyles
  8 guardian serpents
  22 vault sentinels
  12 naga magi
  6 gargoyles
  A hellion (D:10)
  10 komodo dragons
  An elf skeleton (Vaults:4)
  6 rime drakes
  23 yaktaurs
  A spark wasp simulacrum (Depths:3)
  9 cane toads
  An ice devil (Lair:5)
  3 unseen horrors (Zot:3)
  3 efreet
  2 golden dragon simulacra (Depths:3)
  4 freezing wraiths
  20 tengu conjurers
  3 red devils (Lair:5)
  5 trolls
  A polar bear (Lair:5)
  A troll (shapeshifter) (Depths:3)
  21 merfolk
  A hellwing (Lair:5)
  43 saltlings (Desolation)
  3 tarantellas (Vaults:4)
  7 wind drakes
  23 blink frogs
  A dream sheep (shapeshifter) (Vaults:5)
  14 dream sheep
  A hornet (Lair:3)
  2 tyrant leeches (Zot:2)
  4 glass eyes
  50 slime creatures
  7 snapping turtles
  2 wraiths
  2 ynoxinuls
  13 water elementals
  A human (D:14)
  5 wyverns
  60 yaks
  3 centaur simulacra
  4 shadows
  The ghost of OSaftLP the Chopper, an amateur MiBe of Trog (D:3)
  6 hogs (Shoals:1)
  4 basilisks
  5 fire bats (Volcano)
  13 vampire mosquitoes
  4 fire elementals
  2 steam dragons
  3 neqoxecs
  5 wargs
  A redback (Vaults:4)
  3 acid dragons
  38 nagas
  13 water moccasins
  A human skeleton (Vaults:4)
  Duvessa (D:6)
  11 hell hounds
  36 orc warriors
  A laughing skull (D:15)
  A sky beast (D:7)
  A black bear (D:5)
  5 spriggan simulacra (Depths:3)
  2 ice beasts
  13 ogres
  A boggart (Elf:1)
  The ghost of ballabu the Trooper, an amateur DsFi (D:3)
  5 centaurs
  14 wolves (Lair:1)
  2 lemures (D:8)
  2 phantoms (D:11)
  13 bullfrogs
  4 necrophages (Lair:2)
  An earth elemental (Elf:3)
  2 gnoll sergeants
  A human simulacrum (Vaults:4)
  3 small abominations (Abyss:2)
  5 scorpions
  4 wights (D:9)
  Dowan (D:6)
  An electric eel (Lair:3)
  15 killer bees
  2 lava snakes (Volcano)
  3 howler monkeys
  2 bombardier beetles
  3 hounds
  2 jellies (D:6)
  13 orc priests
  2 iguanas
  2 gnoll boudas
  Natasha (thrice) (D:3)
  28 orc wizards
  2 sleepcaps
  6 ogre zombies (D:11)
  23 gnolls
  12 adders
  A white imp (D:7)
  2 ufetubi (D:7)
  2 dart slugs (D:3)
  2 ribbon worms (D:2)
  90 orcs
  4 ball pythons
  An endoplasm (D:4)
  3 giant cockroaches
  A gnoll zombie (D:11)
  9 goblins
  6 hobgoblins
  6 jackals
  A quokka (D:3)
  4 bats
  A frilled lizard (D:1)
  4 gnoll skeletons (D:11)
  6 kobolds
  4 orc skeletons (D:11)
  10 orc zombies (D:11)
  4 rats
  A spectral hobgoblin (D:5)
  A starspawn tentacle (Abyss:2)
  8 tentacles (Shoals:2)
2186 creatures vanquished.

Vanquished Creatures (collateral kills)
  A golden dragon (Zot:2)
  Rupert (D:15)
  3 Orb Guardians (Zot:5)
  A tentacled monstrosity (Zot:2)
  A draconian knight (Zot:2)
  A protean progenitor (Zot:2)
  Donald (Snake:3)
  2 draconian monks
  An orc warlord (Orc:1)
  A draconian annihilator (Zot:2)
  An ironbound preserver (Vaults:1)
  A spark wasp (Zot:2)
  A black draconian (Zot:2)
  A red draconian (Zot:2)
  A merfolk javelineer (Shoals:2)
  A servant of whispers (Desolation)
  A yaktaur captain (Vaults:1)
  2 merfolk avatars (Shoals:4)
  A death knight (D:15)
  2 centaur warriors
  A satyr (Shoals:4)
  2 dancing weapons (Elf:2)
  A deep troll earth mage (Depths:2)
  A deep elf knight (Elf:2)
  A sea snake (Shoals:4)
  5 deep trolls
  An orc knight (Vaults:3)
  A deep elf archer (Shoals:3)
  An ironbound convoker (Vaults:3)
  A phantasmal warrior (Vaults:1)
  2 deep elf zephyrmancers
  2 ugly things (Zot:5)
  A manticore (Shoals:4)
  A moth of wrath (Zot:2)
  A black mamba (Snake:1)
  A naga mage (Snake:1)
  A yaktaur (Vaults:3)
  2 merfolk
  A wind drake (Shoals:4)
  9 saltlings (Desolation)
  2 slime creatures
  4 yaks (Lair:1)
  A neqoxec (D:12)
  A warg (Orc:1)
  A naga (Snake:1)
  2 acid dragons (Zot:2)
  An orc warrior (Orc:1)
  2 centaurs (D:13)
  3 quasits (D:12)
  An orc wizard (Orc:1)
  2 orcs (D:13)
  An aspiring flesh (Zot:5)
82 creatures vanquished.

Vanquished Creatures (others)
  2 protean progenitors (Zot:2)
  A draconian shifter (Zot:4)
  A ragged hierophant (Desolation)
  4 great orbs of eyes (Zot:2)
  A caustic shrike simulacrum (Depths:3)
  3 deep elf knights
  An unseen horror (Zot:3)
  A golden dragon simulacrum (Depths:3)
  A raiju (shapeshifter) (D:15)
  A human (Shoals:1)
  2 starspawn tentacles (Abyss:2)
  25 tentacles (Shoals:2)
43 creatures vanquished.

Grand Total: 2311 creatures vanquished

Notes
Turn   | Place    | Note
-------+----------+-------------------------------------------
     0 | D:1      | EnegeticOcto the Human Berserker began the quest for the
                  | Orb.
     0 | D:1      | Reached XP level 1. HP: 18/18 MP: 1/1
   345 | D:1      | Reached XP level 2. HP: 21/24 MP: 2/2
  1419 | D:2      | Reached XP level 3. HP: 24/29 MP: 3/3
  1529 | D:2      | Reached skill level 4 in Maces & Flails
  2035 | D:3      | Reached ** piety under Trog
  2057 | D:3      | Reached XP level 4. HP: 37/37 MP: 4/4
  2184 | D:3      | Found a runed translucent gate.
  2184 | D:3      | Found a runed translucent gate.
  2184 | D:3      | Found a runed translucent gate.
  2185 | D:3      | Noticed ballabu's ghost (amateur DsFi)
  2186 | D:3      | Noticed OSaftLP's ghost (amateur MiBe)
  2545 | D:3      | Found a hide-covered altar of Uskayaw.
  2553 | D:3      | Noticed Natasha
  2566 | D:3      | Killed Natasha
  2616 | D:3      | Noticed Natasha
  2625 | D:3      | Killed Natasha
  2626 | D:3      | Reached skill level 4 in Fighting
  2626 | D:3      | Reached XP level 5. HP: 40/42 MP: 5/5
  2680 | D:3      | Noticed Natasha
  2690 | D:3      | Killed Natasha
  2691 | D:3      | Reached skill level 5 in Maces & Flails
  2747 | D:3      | Found a burning altar of Makhleb.
  3261 | D:4      | Reached XP level 6. HP: 49/49 MP: 6/6
  3457 | D:4      | Reached skill level 6 in Maces & Flails
  3573 | D:4      | Reached *** piety under Trog
  3831 | D:4      | Reached skill level 5 in Fighting
  3831 | D:4      | Reached XP level 7. HP: 52/56 MP: 7/7
  4017 | D:4      | Found a staircase to the Ecumenical Temple.
  4061 | D:4      | Found an ancient bone altar of Kikubaaqudgha.
  4165 | D:3      | Killed OSaftLP's ghost
  4166 | D:3      | Reached skill level 7 in Maces & Flails
  4181 | D:3      | Killed ballabu's ghost
  4215 | D:3      | Identified the +10 short sword of Distant Worlds {flame,
                  | rPois Will+++ Int-3 Dex+2}
  4277 | D:5      | Entered Level 5 of the Dungeon
  4406 | D:5      | Found Xodow's Weapon Boutique.
  4420 | D:5      | Reached XP level 8. HP: 64/64 MP: 8/8
  4509 | D:5      | Found a sacrificial altar of Ru.
  4563 | D:5      | Reached skill level 1 in Shields
  4877 | D:5      | Found a hazy altar of Hepliaklqana.
  5017 | D:5      | Reached skill level 6 in Fighting
  5017 | D:5      | Reached skill level 8 in Maces & Flails
  5247 | D:6      | Noticed Dowan
  5422 | D:5      | Reached skill level 2 in Shields
  5568 | D:6      | Reached skill level 3 in Shields
  5728 | D:6      | Reached skill level 9 in Maces & Flails
  5817 | D:6      | Reached XP level 9. HP: 35/71 MP: 9/9
  6161 | D:6      | Found a shadowy altar of Dithmenos.
  6312 | D:6      | Noticed Duvessa
  6337 | D:6      | Killed Duvessa
  6339 | D:6      | Killed Dowan
  6340 | D:6      | Reached skill level 7 in Fighting
  6838 | D:7      | Reached skill level 4 in Shields
  7384 | D:7      | Reached skill level 10 in Maces & Flails
  7642 | D:7      | Gained mutation: You are somewhat resistant to further
                  | mutation. [potion of mutation]
  7642 | D:7      | Gained mutation: Your health recovers twice as slowly from
                  | being drained. [potion of mutation]
  7651 | D:7      | Found a bloodstained altar of Trog.
  8488 | D:8      | Reached skill level 5 in Shields
  8542 | D:8      | Noticed Pikel
  8563 | D:8      | Killed Pikel
  8564 | D:8      | Reached skill level 8 in Fighting
  8564 | D:8      | Reached skill level 11 in Maces & Flails
  8564 | D:8      | Reached XP level 10. HP: 72/80 MP: 10/10
  8981 | D:8      | Found a broken altar of Ashenzari.
  9025 | D:9      | Identified a scroll of acquirement
  9026 | D:9      | Acquired the +2 plate armour of Hedge Wizardry {rElec}
  9056 | D:9      | Found an iron altar of Okawaru.
  9068 | D:9      | Found a staircase to the Lair.
  9126 | D:9      | Reached **** piety under Trog
  9270 | D:9      | Noticed a skeletal warrior
  9270 | D:9      | Noticed a tengu warrior
  9281 | D:9      | Killed a skeletal warrior
  9288 | D:9      | Killed a tengu warrior
  9289 | D:9      | Reached skill level 3 in Armour
  9289 | D:9      | Reached skill level 6 in Shields
  9323 | D:9      | Identified the ring of Onlyixut {Wiz ^Contam rPois Dex+7}
  9347 | D:9      | Noticed a centaur warrior
  9359 | D:9      | Killed a centaur warrior
  9360 | D:9      | Reached skill level 12 in Maces & Flails
  9367 | D:9      | Noticed a skeletal warrior
  9367 | D:9      | Noticed a four-headed hydra
  9420 | D:8      | Killed a skeletal warrior
  9421 | D:8      | Reached skill level 9 in Fighting
  9421 | D:8      | Reached skill level 4 in Armour
  9473 | D:9      | Found a shimmering altar of Xom.
  9538 | D:9      | Found an ornate altar of the Wu Jian Council.
  9558 | D:9      | Noticed a two-headed ogre
  9565 | D:9      | Killed a two-headed ogre
  9566 | D:9      | Reached XP level 11. HP: 69/89 MP: 11/11
  9663 | D:9      | Noticed a cyclops
  9663 | D:9      | Noticed a centaur warrior
  9663 | D:9      | Noticed a centaur warrior
  9667 | D:9      | Killed a centaur warrior
  9673 | D:9      | Killed a centaur warrior
  9674 | D:9      | Reached skill level 5 in Armour
  9678 | D:9      | Killed a cyclops
  9679 | D:9      | Reached skill level 13 in Maces & Flails
  9740 | D:9      | Identified the staff of Suhiwkuo {^Drain rF+++ Str-2 SInv
                  | Earth}
  9786 | D:9      | Noticed Amaemon
  9831 | D:9      | Killed Amaemon
 10088 | D:10     | Entered Level 10 of the Dungeon
 10218 | D:10     | Reached skill level 3 in Dodging
 10238 | D:10     | Reached skill level 10 in Fighting
 10238 | D:10     | Reached skill level 6 in Armour
 10455 | D:10     | Reached skill level 7 in Shields
 10458 | D:10     | Reached skill level 4 in Dodging
 10458 | D:10     | Reached XP level 12. HP: 87/97 MP: 12/12
 10462 | D:10     | Reached ***** piety under Trog
 10789 | Lair:1   | Entered Level 1 of the Lair of Beasts
 10832 | Lair:1   | Reached skill level 7 in Armour
 10954 | Lair:1   | Reached skill level 8 in Shields
 10958 | Lair:1   | Reached skill level 11 in Fighting
 11001 | Lair:1   | Reached skill level 8 in Armour
 11168 | Lair:1   | Reached skill level 9 in Shields
 11198 | Lair:1   | Found a dark tunnel.
 11206 | Volcano  | Entered a volcano
 11286 | Volcano  | Received a gift from Trog
 11306 | Volcano  | Found a burning altar of Makhleb.
 11332 | Volcano  | Reached XP level 13. HP: 55/107 MP: 13/13
 11337 | Volcano  | Reached skill level 9 in Armour
 11395 | Volcano  | Reached skill level 12 in Fighting
 12065 | Lair:2   | Found a staircase to the Shoals.
 12335 | Lair:2   | Found a staircase to the Snake Pit.
 12867 | Lair:3   | Reached skill level 10 in Shields
 12990 | Lair:3   | Reached skill level 10 in Armour
 13170 | Lair:3   | Paralysed by a hornet for 3 turns
 13206 | Lair:3   | Reached skill level 13 in Fighting
 13313 | Lair:3   | Noticed Urug
 13386 | Lair:3   | Killed Urug
 13387 | Lair:3   | Reached skill level 11 in Shields
 13893 | Lair:4   | Reached XP level 14. HP: 118/118 MP: 14/14
 13917 | Lair:4   | Received a gift from Trog
 14127 | Lair:4   | Reached skill level 14 in Fighting
 14127 | Lair:4   | Reached skill level 12 in Shields
 14542 | Lair:5   | Entered Level 5 of the Lair of Beasts
 14647 | Lair:5   | Reached skill level 13 in Shields
 14816 | Lair:5   | Found a viscous altar of Jiyva.
 14816 | Lair:5   | Found a staircase to the Slime Pits.
 15150 | Lair:5   | Found a burning altar of Makhleb.
 15165 | Lair:5   | Reached skill level 14 in Shields
 15208 | Lair:5   | Received a gift from Trog
 15237 | Lair:5   | Found a gateway to Hell.
 15250 | Lair:5   | Identified the +0 helmet of the End {Will+ Int+2}
 15250 | Lair:5   | Identified the staff of Xoosto {rElec Str+2 Conj Air}
 15613 | Lair:5   | Found a shadowy altar of Dithmenos.
 16200 | D:11     | Found a staircase to the Orcish Mines.
 16339 | D:11     | Reached skill level 15 in Shields
 16469 | D:11     | Found a runed translucent gate.
 16470 | D:11     | Found a runed translucent gate.
 16470 | D:11     | Found a runed translucent gate.
 16751 | D:11     | Identified the +13 crystal plate armour of the Glimmering
                  | Gods {Will+}
 17073 | Orc:1    | Entered Level 1 of the Orcish Mines
 17114 | Orc:1    | Reached ****** piety under Trog
 17242 | Orc:1    | Noticed an orc warlord
 17252 | Orc:1    | Reached XP level 15. HP: 110/126 MP: 15/15
 17260 | Orc:1    | Killed an orc warlord
 17268 | Orc:1    | Received a gift from Trog
 17580 | Orc:1    | Found a runed translucent door.
 17583 | Orc:1    | Noticed a balrug
 17968 | Orc:2    | Entered Level 2 of the Orcish Mines
 17968 | Orc:2    | Found Suezozxi's Antique Weapon Shoppe.
 18117 | Orc:2    | Noticed HourglassMan's ghost (journeyman MfAl)
 18200 | Orc:2    | Found a staircase to the Elven Halls.
 18259 | Orc:2    | Found a runed translucent door.
 18402 | Orc:2    | Found Laujonk's Armour Shoppe.
 18522 | Orc:2    | Received a gift from Trog
 18523 | Orc:2    | Reached skill level 11 in Armour
 18534 | Orc:2    | Noticed an orc warlord
 18560 | Orc:2    | Killed an orc warlord
 18654 | Orc:2    | Found Poffyaxu's Magic Scroll Shop.
 18782 | Orc:2    | Found Itushrax's Antique Armour Shop.
 18789 | Orc:2    | Found Foacwufa's Antique Weapon Boutique.
 19031 | Orc:2    | Killed HourglassMan's ghost
 19149 | Orc:2    | Bought a scroll of teleportation for 36 gold pieces
 19149 | Orc:2    | Bought a scroll of enchant weapon for 90 gold pieces
 19149 | Orc:2    | Bought a scroll of blinking for 90 gold pieces
 19149 | Orc:2    | Bought a scroll of revelation for 90 gold pieces
 19149 | Orc:2    | Bought a scroll of blinking for 90 gold pieces
 19149 | Orc:2    | Bought a scroll of noise for 12 gold pieces
 19149 | Orc:2    | Bought a scroll of identify for 24 gold pieces
 19375 | D:12     | Noticed Azrael
 19404 | D:12     | Killed Azrael
 19716 | D:12     | Reached skill level 15 in Fighting
 19726 | D:12     | Found a transporter.
 19728 | D:12     | Noticed temujin's ghost (journeyman DjCj)
 19771 | D:12     | Found a transporter.
 19880 | D:12     | Found a runed translucent door.
 20563 | D:12     | Reached skill level 14 in Maces & Flails
 20574 | D:12     | Killed temujin's ghost
 20577 | D:12     | Got the ring "Fexaib" {*Corrode rElec rN+ Int+6 Dex+2}
 20578 | D:12     | Identified the +4 barding "Zyusouqe" {Dex+5}
 20942 | D:13     | Noticed Nessos
 20963 | D:13     | Killed Nessos
 21015 | D:13     | Received a gift from Trog
 21856 | D:14     | Found a hide-covered altar of Uskayaw.
 21898 | D:14     | Reached XP level 16. HP: 131/136 MP: 16/16
 22112 | D:14     | Reached skill level 12 in Armour
 22147 | D:14     | Reached skill level 15 in Maces & Flails
 22153 | D:14     | Found a gate to the Vaults.
 22297 | D:15     | Entered Level 15 of the Dungeon
 22297 | D:15     | Noticed Rupert
 22297 | D:15     | Found a gate leading to a gauntlet.
 22304 | D:15     | Killed Rupert
 22354 | Gauntlet | Entered a Gauntlet
 22354 | Gauntlet | Found a transporter.
 22357 | Gauntlet | Found a transporter.
 22373 | Gauntlet | Found a transporter.
 22377 | Gauntlet | Found a transporter.
 22397 | Gauntlet | Found a transporter.
 22409 | Gauntlet | Found a runed translucent gate.
 22410 | Gauntlet | Found a transporter.
 22410 | Gauntlet | Found a runed translucent gate.
 22414 | Gauntlet | Found a transporter.
 22418 | Gauntlet | Found a transporter.
 22430 | Gauntlet | Found a runed translucent gate.
 22447 | Gauntlet | Found a transporter.
 22455 | Gauntlet | Found a transporter.
 22455 | Gauntlet | Found a transporter.
 22463 | Gauntlet | Found a transporter.
 22643 | Gauntlet | Identified the amulet "Jilan" {rN+ Regen+ Stlth+}
 22723 | Gauntlet | Identified the staff of Watchfulness {Conj Tloc}
 22783 | D:15     | Received a gift from Trog
 22995 | D:15     | Found Lynlinnyth's Antique Weapon Shoppe.
 23274 | D:15     | Found a staircase to the Depths.
 23480 | Shoals:1 | Entered Level 1 of the Shoals
 23502 | Shoals:1 | Reached skill level 16 in Fighting
 23502 | Shoals:1 | Reached skill level 16 in Maces & Flails
 23653 | Shoals:1 | Noticed Kirke
 23665 | Shoals:1 | Noticed a sphinx
 23666 | Shoals:1 | Killed Kirke
 23667 | Shoals:1 | Reached skill level 13 in Armour
 23718 | Shoals:1 | Identified the +2 war axe "Sitoim" {venom, rElec}
 23802 | Shoals:1 | Noticed Roxanne
 24334 | Shoals:1 | Reached XP level 17. HP: 144/144 MP: 17/17
 24383 | Shoals:2 | Noticed a kraken
 24425 | Shoals:2 | Killed a kraken
 24522 | Shoals:2 | Found Dochodimp's Self-Improvement Boutique.
 24532 | Shoals:2 | Reached skill level 14 in Armour
 24557 | Shoals:2 | Bought a manual of Throwing for 1280 gold pieces
 24590 | Shoals:2 | Reached skill level 1 in Throwing
 24607 | Shoals:2 | Reached skill level 17 in Fighting
 24636 | Shoals:2 | Reached skill level 2 in Throwing
 24669 | Shoals:2 | Received a gift from Trog
 24683 | Shoals:2 | Reached skill level 3 in Throwing
 24897 | Shoals:2 | Reached skill level 4 in Throwing
 24938 | Shoals:2 | Noticed a kraken
 25031 | Shoals:2 | Killed a kraken
 25165 | Shoals:2 | Noticed Ilsuiw
 25175 | Shoals:2 | Killed Ilsuiw
 25176 | Shoals:2 | Reached skill level 5 in Throwing
 25503 | Shoals:3 | Noticed Polyphemus
 25524 | Shoals:3 | Killed Polyphemus
 25592 | Shoals:3 | Reached skill level 6 in Throwing
 25676 | Shoals:3 | Found Necuomn's Distillery.
 25826 | Abyss:2  | Cast into level 2 of the Abyss (a deep elf sorcerer)
 25887 | Abyss:2  | Received a gift from Trog
 25909 | Abyss:2  | Found a corrupted altar of Lugonu.
 25935 | Abyss:2  | Noticed a tentacled starspawn
 25943 | Abyss:2  | Killed a tentacled starspawn
 25970 | Abyss:2  | Reached skill level 7 in Throwing
 26007 | Shoals:3 | Escaped the Abyss
 26121 | Shoals:3 | Found Hog Ixuege's General Store.
 26123 | Shoals:3 | Found Minod's Specific Store.
 26334 | Shoals:4 | Entered Level 4 of the Shoals
 26359 | Shoals:4 | Reached skill level 15 in Armour
 26413 | Shoals:4 | Noticed Bai Suzhen
 26414 | Shoals:4 | Reached skill level 8 in Throwing
 26430 | Shoals:4 | Killed Bai Suzhen
 26437 | Shoals:4 | Reached XP level 18. HP: 100/156 MP: 18/18
 26642 | Shoals:4 | Reached skill level 9 in Throwing
 26660 | Shoals:4 | Reached skill level 18 in Fighting
 26837 | Shoals:4 | Got a barnacled rune of Zot
 26857 | Shoals:4 | Received a gift from Trog
 27306 | Snake:1  | Entered Level 1 of the Snake Pit
 27390 | Snake:1  | Identified the serpent talisman of Gistryint {rCorr Int+4}
 27390 | Snake:1  | Noticed Aizul
 27398 | Snake:1  | Killed Aizul
 27399 | Snake:1  | Reached skill level 10 in Throwing
 27454 | Snake:1  | Noticed Mlioglotl
 27474 | Snake:1  | Killed Mlioglotl
 27561 | Snake:1  | Found Vexkept's Antique Armour Shop.
 27566 | Snake:1  | Found Lavuwnow's Antique Armour Shop.
 27621 | Snake:1  | Found Qoaxkosu's Specialty Armours.
 27730 | Snake:1  | Noticed Agnes
 27736 | Snake:1  | Killed Agnes
 27750 | Snake:1  | Found a transporter.
 28063 | Snake:1  | Found a transporter.
 28222 | Snake:2  | Found Safabeve's Assorted Antiques.
 28357 | Snake:2  | Reached skill level 11 in Throwing
 28595 | Snake:2  | Reached skill level 16 in Armour
 28885 | Snake:3  | Received a gift from Trog
 28886 | Snake:3  | Noticed Donald
 28902 | Snake:3  | Killed Donald
 29008 | Snake:3  | Found Juicoh's Book Emporium.
 29014 | Snake:3  | Reached skill level 12 in Throwing
 29083 | Snake:3  | Identified the +1 cloak of Amorality {rF+++ Regen+ Dex-3
                  | SInv}
 29505 | Snake:3  | Reached skill level 19 in Fighting
 29567 | Snake:3  | Noticed Vashnia
 29700 | Snake:3  | Killed Vashnia
 29709 | Snake:3  | Reached XP level 19. HP: 166/166 MP: 19/19
 30096 | Snake:4  | Entered Level 4 of the Snake Pit
 30103 | Snake:4  | Reached skill level 13 in Throwing
 30132 | Snake:4  | Received a gift from Trog
 30688 | Snake:4  | Reached skill level 14 in Throwing
 31047 | Snake:4  | Reached skill level 20 in Fighting
 31120 | Snake:4  | Identified the +7 hand axe of Understanding {flame, +Blink
                  | rCorr} (Trog gifted it to you on level 4 of the Snake Pit)
 31120 | Snake:4  | Received a gift from Trog
 31498 | Snake:4  | Reached skill level 15 in Throwing
 31671 | Snake:4  | Got a serpentine rune of Zot
 32022 | Elf:1    | Entered Level 1 of the Elven Halls
 32070 | Orc:2    | Received a gift from Trog
 32131 | Elf:1    | Reached skill level 16 in Throwing
 32334 | Elf:1    | Reached XP level 20. HP: 170/176 MP: 20/20
 32349 | Elf:1    | Reached skill level 1 in Evocations
 32443 | Elf:1    | Identified the +2 sling of Xaatzew {freeze, rPois Will+
                  | Int-2}
 32602 | Elf:1    | Found a portal to a secret trove of treasure.
 32618 | Elf:1    | Reached skill level 2 in Evocations
 32631 | Elf:1    | Reached skill level 5 in Dodging
 32833 | Elf:2    | Found Qygaxon's Antique Weapon Emporium.
 32894 | Elf:2    | Noticed Louise
 32907 | Elf:2    | Killed Louise
 32937 | Elf:2    | Reached skill level 3 in Evocations
 33160 | Elf:2    | Identified the +7 dagger of the Gnat {antimagic, rElec
                  | rPois rCorr Dex-3} (Trog gifted it to you on level 2 of the
                  | Elven Halls)
 33160 | Elf:2    | Received a gift from Trog
 33182 | Elf:2    | Found a runed translucent gate.
 33182 | Elf:2    | Found a runed translucent gate.
 33182 | Elf:2    | Found a runed translucent gate.
 33319 | Elf:2    | Reached skill level 6 in Dodging
 33374 | Elf:2    | Reached skill level 4 in Evocations
 33882 | Elf:3    | Entered Level 3 of the Elven Halls
 33902 | Elf:3    | Reached skill level 5 in Evocations
 33959 | Elf:3    | Reached skill level 7 in Dodging
 34087 | Elf:3    | Identified the +0 helmet "Cuynimn" {rElec rPois rCorr
                  | Str+2}
 34140 | Elf:3    | Identified the +8 fire dragon scales of Grace {rF++ rC-
                  | Int+2}
 34158 | Elf:3    | Identified the staff of the Boiling Point {+Blink rPois
                  | Tloc Alchemy}
 34474 | Elf:3    | Reached skill level 17 in Armour
 34498 | Elf:3    | Reached skill level 6 in Evocations
 34697 | Elf:3    | Identified the +4 chain mail "Joaxziel" {-Cast rC+ rN+
                  | Str+3}
 34932 | Elf:3    | Reached skill level 8 in Dodging
 35221 | Elf:3    | Received a gift from Trog
 35705 | Elf:3    | Identified the +0 robe of the Longan {Archmagi}
 35716 | Elf:3    | Reached skill level 7 in Evocations
 35732 | Elf:3    | Reached XP level 21. HP: 183/183 MP: 21/21
 36047 | Elf:3    | Identified the +4 chain mail "Poosieqi" {-Tele rN+++ Int+3}
 36047 | Elf:3    | Identified the ring "Nusem" {Fly rF+ rC- AC+4 Slay+2}
 36314 | Elf:3    | Identified the +2 falchion "Qoarruy" {freeze, rF++ Str+3}
 36355 | Elf:3    | Identified the +3 plate armour of Starshine {rElec rCorr
                  | Slay+2 Stlth-}
 36957 | Vaults:1 | Entered Level 1 of the Vaults
 37025 | Vaults:1 | Reached skill level 9 in Dodging
 37120 | Vaults:1 | Reached skill level 8 in Evocations
 37134 | Vaults:1 | Identified the +6 scimitar of the Chickpea {flame, rCorr}
 37157 | Vaults:1 | Found a magical portal.
 37165 | WizLab   | Entered Iskenderun's Mystic Tower
 37272 | WizLab   | Received a gift from Trog
 37415 | WizLab   | Reached skill level 18 in Armour
 37529 | Vaults:1 | Reached skill level 10 in Dodging
 37544 | Vaults:1 | Reached skill level 9 in Evocations
 37702 | Vaults:1 | Received a gift from Trog
 38549 | Shoals:2 | Bought a manual of Shields for 1280 gold pieces
 38980 | Vaults:2 | Reached skill level 10 in Evocations
 38988 | Vaults:2 | Received a gift from Trog
 39155 | Vaults:2 | Reached skill level 16 in Shields
 39220 | Vaults:2 | Reached XP level 22. HP: 180/190 MP: 22/22
 39343 | Vaults:2 | Reached skill level 19 in Armour
 39754 | Vaults:2 | Found the +9 sword of Power {lifebolt}
 39784 | Vaults:2 | Reached skill level 17 in Shields
 40107 | Vaults:2 | Identified the +1 leather armour of Valiance {rN+ Int+3
                  | Stlth+}
 40193 | Vaults:3 | Found a staircase to the Crypt.
 40193 | Vaults:3 | Found a basalt altar of Yredelemnul.
 40193 | Vaults:3 | Found an ancient bone altar of Kikubaaqudgha.
 40219 | Vaults:3 | Received a gift from Trog
 40524 | Vaults:3 | Reached skill level 18 in Shields
 40530 | Vaults:3 | Reached XP level 23. HP: 194/194 MP: 23/23
 40552 | Vaults:3 | Reached skill level 20 in Armour
 40754 | Vaults:3 | Identified the orb of Buihaome {light, Str+3 Dex+3 Summ}
 40754 | Vaults:3 | Noticed Frederick
 40766 | Vaults:3 | Killed Frederick
 40767 | Vaults:3 | Reached skill level 19 in Shields
 40795 | Vaults:3 | Received a gift from Trog
 40850 | Vaults:3 | You fall into a shaft and drop 1 floor!
 41023 | Vaults:4 | Reached skill level 20 in Shields
 41055 | Vaults:4 | Found a crumbling gateway.
 41069 | Desolati | Entered the Desolation of Salt
 41160 | Desolati | Identified the +1 pair of gloves of the Black Moon {rElec
                  | Regen+ Str+4}
 41278 | Desolati | Reached skill level 11 in Evocations
 41427 | Desolati | Identified the ring of Hixoa {Fly rN+ Will+ Str-3 Dex+2}
 41463 | Desolati | Received a gift from Trog
 41477 | Desolati | Identified the ring "Bophuech" {Ice Str+4 Stlth+}
 41526 | Desolati | Reached skill level 12 in Evocations
 41613 | Desolati | Identified the ring of Fataisud {Fly rN+ Will- AC+4 Dex+2}
 41628 | Desolati | Reached XP level 24. HP: 179/186 MP: 23/23
 41695 | Desolati | Found the +7 great mace "Firestarter" {flame, immolate,
                  | rFlCloud rF++}
 42061 | Vaults:3 | Reached skill level 13 in Evocations
 42406 | Vaults:3 | Found Waec's Weapon Shoppe.
 42467 | Vaults:3 | Received a gift from Trog
 42528 | Vaults:3 | Reached skill level 14 in Evocations
 42854 | Vaults:4 | Reached skill level 15 in Evocations
 42954 | Vaults:4 | Received a gift from Trog
 43498 | Vaults:4 | Reached skill level 16 in Evocations
 43640 | Depths:1 | Entered Level 1 of the Depths
 43689 | Depths:1 | Found a broken altar of Ashenzari.
 43776 | Depths:1 | Reached skill level 1 in Invocations
 43780 | Depths:1 | Reached skill level 2 in Invocations
 43988 | Depths:1 | Found a one-way gateway to a ziggurat.
 44022 | Depths:1 | Reached skill level 3 in Invocations
 44095 | Depths:1 | Reached skill level 4 in Invocations
 44110 | Depths:1 | You fall into a shaft and drop 1 floor!
 44140 | Depths:2 | Reached skill level 5 in Invocations
 44174 | Depths:2 | Reached skill level 6 in Invocations
 44200 | Depths:2 | Noticed Norris
 44300 | Depths:2 | Killed Norris
 44358 | Depths:2 | Reached skill level 7 in Invocations
 44879 | Depths:2 | Received a gift from Trog
 44886 | Depths:2 | Reached skill level 8 in Invocations
 44952 | Depths:2 | Reached skill level 9 in Invocations
 44980 | Depths:2 | Reached XP level 25. HP: 210/210 MP: 29/29
 45259 | Depths:2 | Found a one-way gate leading to the halls of Pandemonium.
 45264 | Depths:2 | Reached skill level 10 in Invocations
 45631 | Depths:3 | Found a corrupted altar of Lugonu.
 45632 | Depths:3 | Found a one-way gate to the infinite horrors of the Abyss.
 45735 | Depths:3 | Reached skill level 11 in Invocations
 46090 | Depths:3 | Identified the ring of Erobruu {Ice rPois Will+ Int+4}
 46090 | Depths:3 | Noticed Josephina
 46121 | Depths:3 | Killed Josephina
 46122 | Depths:3 | Reached skill level 12 in Invocations
 46123 | Depths:3 | Received a gift from Trog
 46318 | Depths:3 | Noticed Xtahua
 46326 | Depths:3 | Noticed Parghit
 46351 | Depths:3 | Killed Xtahua
 46373 | Depths:3 | Killed Parghit
 46466 | Depths:3 | Reached skill level 13 in Invocations
 46816 | Depths:2 | Identified the +9 quarterstaff of Arbitration {heavy, rC+
                  | Str+7}
 47060 | Vaults:5 | Entered Level 5 of the Vaults
 47106 | Vaults:5 | Noticed Mara
 47132 | Vaults:5 | Noticed EnegeticOcto's illusion
 47141 | Vaults:5 | Reached skill level 14 in Invocations
 47154 | Vaults:5 | Noticed EnegeticOcto's illusion
 47174 | Vaults:5 | Killed Mara
 47235 | Vaults:5 | Noticed an ancient lich
 47254 | Vaults:5 | Killed an ancient lich
 47255 | Vaults:5 | Reached skill level 15 in Invocations
 47364 | Vaults:5 | Received a gift from Trog
 47406 | Vaults:5 | Reached skill level 16 in Invocations
 47584 | Vaults:5 | Reached skill level 17 in Invocations
 47621 | Vaults:5 | Reached XP level 26. HP: 218/218 MP: 35/35
 47910 | Vaults:5 | Reached skill level 18 in Invocations
 47946 | Vaults:5 | Identified the +8 great sword "Jujuih" {flame, Int+3}
 47959 | Vaults:5 | Identified the amulet "Linum" {-Cast Rampage rC- rN+++
                  | Regen+}
 47960 | Vaults:5 | Identified the +3 war axe "Saipn" {heavy, rElec rPois rC-
                  | rCorr}
 47964 | Vaults:5 | Identified the +1 mace "Ehaadabo" {pain, ^Fragile Will++
                  | Str+2 Int+3}
 47976 | Vaults:5 | Noticed a dread lich
 47990 | Vaults:5 | Killed a dread lich
 47991 | Vaults:5 | Reached skill level 19 in Invocations
 47991 | Vaults:5 | Received a gift from Trog
 48103 | Vaults:5 | Found Uveazxug's General Store.
 48110 | Vaults:5 | Bought a potion of curing for 57 gold pieces
 48112 | Vaults:5 | Found Giadecs's Jewellery Shoppe.
 48113 | Vaults:5 | Found Sacow's Jewellery Boutique.
 48117 | Vaults:5 | Found Zam Myitt's Antique Weapon Boutique.
 48121 | Vaults:5 | Bought an amulet of guardian spirit for 630 gold pieces
 48138 | Vaults:5 | Bought a polished morningstar for 261 gold pieces
 48138 | Vaults:5 | Identified the +5 morningstar of the Winnowing Hawk {vamp,
                  | rN+ Int+4} (You bought it in a shop on level 5 of the
                  | Vaults)
 48143 | Vaults:5 | Found Gyacaic's Distillery.
 48147 | Vaults:5 | Bought a potion of curing for 30 gold pieces
 48147 | Vaults:5 | Bought 2 potions of might for 80 gold pieces
 48147 | Vaults:5 | Bought a potion of heal wounds for 50 gold pieces
 48147 | Vaults:5 | Bought a potion of mutation for 80 gold pieces
 48147 | Vaults:5 | Bought a potion of curing for 30 gold pieces
 48458 | Vaults:5 | Got a silver rune of Zot
 48603 | Vaults:5 | Found the +6 shillelagh "Devastator" {shatter}
 49100 | Shoals:3 | Bought a sack of spiders for 640 gold pieces
 49100 | Shoals:3 | Bought a scroll of revelation for 120 gold pieces
 49100 | Shoals:3 | Bought a potion of might for 64 gold pieces
 49100 | Shoals:3 | Bought a potion of magic for 128 gold pieces
 49154 | Shoals:3 | Bought a potion of cancellation for 80 gold pieces
 49154 | Shoals:3 | Bought a potion of enlightenment for 50 gold pieces
 49154 | Shoals:3 | Bought a potion of might for 40 gold pieces
 49154 | Shoals:3 | Bought a potion of haste for 100 gold pieces
 49154 | Shoals:3 | Bought a potion of magic for 80 gold pieces
 49253 | Snake:2  | Bought a potion of heal wounds for 160 gold pieces
 49253 | Snake:2  | Bought a wand of charming (4) for 307 gold pieces
 49529 | Depths:4 | Entered Level 4 of the Depths
 49529 | Depths:4 | Found Teah's General Store.
 49547 | Depths:4 | Reached skill level 20 in Invocations
 49584 | Depths:4 | Bought a wand of roots (2) for 62 gold pieces
 49598 | Depths:4 | Found Humeite's Magic Scroll Shop.
 49682 | Depths:4 | Bought a scroll of enchant armour for 75 gold pieces
 49682 | Depths:4 | Bought a scroll of fear for 40 gold pieces
 49764 | Depths:4 | Received a gift from Trog
 50172 | Depths:4 | Found a gate to the Realm of Zot.
 50208 | Depths:4 | Reached skill level 11 in Dodging
 50652 | Zot:1    | Entered Level 1 of the Realm of Zot
 50728 | Zot:2    | Reached XP level 27. HP: 221/223 MP: 37/37
 50750 | Zot:2    | Reached skill level 17 in Throwing
 50752 | Zot:2    | Reached skill level 17 in Evocations
 50975 | Zot:3    | Reached skill level 12 in Dodging
 51108 | Zot:3    | Received a gift from Trog
 51224 | Zot:3    | Found a runed translucent gate.
 51224 | Zot:3    | Found a runed translucent gate.
 51225 | Zot:3    | Found a runed translucent gate.
 51237 | Zot:3    | Noticed Calu's ghost (legendary KoHu)
 51965 | Zot:4    | Found the +4 dragonskin cloak
 51965 | Zot:4    | Noticed Tiamat
 52408 | Zot:4    | Reached skill level 13 in Dodging
 52976 | Zot:4    | Reached skill level 18 in Throwing
 52993 | Zot:4    | Reached skill level 18 in Evocations
 53235 | Zot:4    | Noticed Grunn
 53254 | Zot:4    | Killed Grunn
 53290 | Zot:4    | Identified the +2 mace of Certain Death {flame, Will+}
                  | (Trog gifted it to you on level 4 of the Realm of Zot)
 53290 | Zot:4    | Received a gift from Trog
 53334 | Zot:4    | Killed Tiamat
 53795 | Zot:5    | Entered Level 5 of the Realm of Zot
 53909 | Zot:5    | Found a runed translucent door.
 53910 | Zot:5    | Noticed Xeywnuph's ghost (veteran DrRe)
 54096 | Zot:5    | Killed Xeywnuph's ghost
 54097 | Zot:5    | Reached skill level 14 in Dodging
 54386 | Zot:5    | Noticed an ancient lich
 54396 | Zot:5    | Killed an ancient lich
 54436 | Zot:5    | Noticed an ancient lich
 54455 | Zot:5    | Killed an ancient lich
 54456 | Zot:5    | Reached skill level 19 in Throwing
 54529 | Zot:5    | Noticed an orb of fire
 54534 | Zot:5    | Gained mutation: Your body sometimes deteriorates upon
                  | taking damage. [an orb of fire]
 54539 | Zot:5    | Noticed an orb of fire
 54540 | Zot:5    | Noticed an orb of fire
 54549 | Zot:5    | Killed an orb of fire
 54550 | Zot:5    | Reached skill level 19 in Evocations
 54555 | Zot:5    | Noticed an orb of fire
 54568 | Zot:5    | Killed an orb of fire
 54568 | Zot:5    | Received a gift from Trog
 54569 | Zot:5    | Killed an orb of fire
 54580 | Zot:5    | Gained mutation: You sometimes lose your temper in combat.
                  | [an orb of fire]
 54584 | Zot:5    | Killed an orb of fire
 54628 | Zot:5    | Lost mutation: You sometimes lose your temper in combat.
                  | [potion of mutation]
 54628 | Zot:5    | Lost mutation: Your health recovers twice as slowly from
                  | being drained. [potion of mutation]
 54628 | Zot:5    | Lost mutation: You are somewhat resistant to further
                  | mutation. [potion of mutation]
 54628 | Zot:5    | Gained mutation: You have a pair of small horns on your
                  | head. [potion of mutation]
 54628 | Zot:5    | Gained mutation: Your mind is acute. (Int +4, Str/Dex -1)
                  | [potion of mutation]
 54629 | Zot:5    | Lost mutation: Your body sometimes deteriorates upon taking
                  | damage. [potion of mutation]
 54629 | Zot:5    | Lost mutation: You have a pair of small horns on your head.
                  | [potion of mutation]
 54629 | Zot:5    | Gained mutation: You have large cloven feet. [potion of
                  | mutation]
 54629 | Zot:5    | Gained mutation: You passively map a small area around you.
                  | [potion of mutation]
 55083 | Zot:5    | Reached skill level 15 in Dodging
 55640 | Zot:5    | Noticed an orb of fire
 55658 | Zot:5    | Gained mutation: You occasionally lose the ability to read
                  | scrolls when taking damage. [an orb of fire]
 55662 | Zot:5    | Gained mutation: Your magical capacity is low. (-10% MP)
                  | [an orb of fire]
 55665 | Zot:5    | Killed an orb of fire
 55740 | Zot:5    | Got the Orb of Zot
 55813 | Zot:2    | Noticed Usetsefios the pandemonium lord
 56313 | D:$      | Escaped with the Orb!

Illustrated notes

Levels and vault maps discovered:
D:1:      nicolae_arrival_somewhat_less_tricky_arrival, layout_basic,
          minmay_misc_feat_cross, minmay_fountain_box, minmay_pentomino_r2
D:2:      layout_basic
D:3:      minmay_general_purpose_star, layout_basic,
          mainiacjoe_overflow_six_doors_small, mainiacjoe_overflow_alcove_1,
          gammafunk_ghost_cemetery, serial_bayou, serial_bayou_lagoon_b,
          serial_bayou_lagoon_a, serial_bayou_shore_a, serial_bayou_crossing,
          uniq_natasha
D:4:      wad_lake_hut, layout_gridville, kiku_gazebo_pond_becter,
          minmay_temple_entry_butterflies, chequers_jeans, grunt_ministairs_3
D:5:      layout_basic, nicolae_hepliaklqana_monster_ancestors,
          pf_just_have_faith, serial_shops, nicolae_shop_bloodbath_and_beyond
D:6:      layout_loops_ring, mainiacjoe_overflow_alcove_4, uniq_duvessa
D:7:      layout_loops_ring, mainiacjoe_overflow_alcove_2
D:8:      layout_basic, lemuel_coloured_pillars_altar, uniq_pikel
D:9:      minmay_tri_box, layout_rooms, okawaru_gym_becter,
          mainiacjoe_overflow_tiny_flanked, mainiacjoe_overflow_surrounded_room,
          dpeg_oklobed_lair, uniq_amaemon
D:10:     layout_cave_pools, st_stairs_7
D:11:     layout_loops_ring, zombieorc1_lemuel,
          ploomutoo_gammafunk_ghost_potion_laboratory
D:12:     layout_loops_ring, gammafunk_ghost_stat_death,
          mainiacjoe_labyrinth_nostalgia, uniq_azrael
D:13:     layout_gridville, uniq_nessos
D:14:     layout_roguey, grunt_vaults_entry_fortified,
          nicolae_uskayaw_dance_hall
D:15:     hellmonk_depths_entry_around_the_bend, layout_cave_pools,
          serial_shops, nicolae_shop_advertising_works
          [nicolae_subvault_shop_adworks], gauntlet_entry_generic, uniq_rupert
Lair:1:   layout_roguey, nicolae_volcano_entry_hallway,
          infiniplex_staircase_pool_2, grunt_megastairs_5
Lair:2:   layout_gridlike, elwin_shoals_entry_rocks, nicolae_snake_entry_squirm,
          serial_forest, infiniplex_forest_zigzag_2, infiniplex_forest_lined_2,
          infiniplex_forest_clump_curved, infiniplex_forest_straight_4,
          infiniplex_forest_lined_room_2, infiniplex_forest_clump_small,
          infiniplex_forest_fountain, infiniplex_forest_clump_medium,
          infiniplex_forest_clump_small, serial_bayou_pond_a,
          roderic_carrion_pond
Lair:3:   layout_hall_layers, infiniplex_staircase_pool, grunt_megastairs_4,
          uniq_urug
Lair:4:   layout_loops_ring, grunt_megastairs_2
Lair:5:   evil_forest, layout_small_grid, dpeg_slime_entry_corner, basic_altar
Shoals:1: layout_shoals, uniq_kirke, uniq_roxanne
Shoals:2: layout_shoals, nicolae_shop_self_help, uniq_ilsuiw
Shoals:3: nicolae_shoals_deep_elves_summer_vacation, layout_shoals,
          nicolae_specific_store, nicolae_stop_n_shop_1, uniq_polyphemus
Shoals:4: shoals_end_grunt_garden, layout_shoals, uniq_bai_suzhen
Snake:1:  gammafunk_sealed_arena, layout_onion_interference,
          nicolae_barding_shop, grunt_megastairs_3, minmay_shop_star,
          uniq_aizul, uniq_mlioglotl, uniq_agnes
Snake:2:  layout_rooms, st_stairs_7, nicolae_stop_n_shop_2
Snake:3:  layout_cave_town, serial_shops, nicolae_shop_tiny_glass,
          nrook_guardian_serpent_ordinary, lemuel_fruit_tree, uniq_donald,
          uniq_vashnia
Snake:4:  snake_pit_salamanders_mu, layout_misc_corridors,
          nicolae_snake_magic_snake_eye
Orc:1:    dreamdust_dug_too_deep, layout_caves
Orc:2:    grunt_orc_community_town_hall, layout_caves,
          grunt_orc_community_big_house_1, grunt_orc_community_big_house_1,
          grunt_orc_community_house_3, grunt_orc_community_house_3,
          grunt_orc_community_house_1, grunt_orc_community_house_1,
          grunt_orc_community_house_2, grunt_orc_community_house_2,
          hellmonk_ghost_happy_afterlife, serial_shops,
          nicolae_shop_statue_plus, nicolae_orc_crystal_seam
Elf:1:    minmay_elf_arrival_circle, layout_geoelf_diagonals, enter_trove_2,
          hangedman_elf_disciples, nicolae_concentric_dashed_squares_mild
Elf:2:    nicolae_elf_blades_splatter_lattice [nooodl_blade_entry_preview],
          layout_geoelf_diagonals, serial_shops, shop, uniq_louise
Elf:3:    minmay_elf_hall, layout_geoelf_diagonals, serial_sigils,
          serial_sigils_hangedman_gnaw, serial_sigils_hangedman_carve,
          serial_sigils_hangedman_quiver, serial_sigils_hangedman_gut,
          serial_sigils_hangedman_snap, serial_sigils_hangedman_shear
Vaults:1: mu_enter_wizlab_1, vaults_room_semicircle,
          nicolae_vaults_variable_pillar_hall, nicolae_vaults_six-pack,
          nicolae_vaults_storage_closets_2, ontoclasm_vaults_twist,
          nicolae_vaults_tangram_2, nicolae_vaults_turnstiles,
          dpeg_vaults_monster_box, layout_vaults_omnigrid
Vaults:2: v_rooms_3, v_alt_pattern_2, minmay_guarded_unrand_sword_of_power,
          ontoclasm_vaults_hangar, v_rooms_1, nicolae_vaults_circle_grid_b,
          nicolae_vaults_lightning_bolt, v_pattern_3, hangedman_vaults_maws,
          nicolae_vaults_network_square, nicolae_vaults_tetromino_L_2,
          vaults_dpeg_ring, nicolae_vaults_little_ls, vaults_dpeg_encased_lava,
          layout_vaults_ring
Vaults:3: hangedman_vaults_stream, hangedman_vaults_nodes,
          vaults_room_glass_cross, nicolae_vaults_variable_pillar_hall_cross,
          nicolae_vaults_sesquioval_fish, vaults_room_stairs_pillars,
          dpeg_vaults_monster_row, nicolae_vaults_taking_the_gang_shopping,
          v_misc_2, grunt_vaults_hallway_long, minmay_crypt_entry_necro_gods,
          layout_vaults_big_cross, uniq_frederick
Vaults:4: portal_desolation_entry_ruin, nicolae_vaults_ring_of_whatevers,
          vaults_room_corners, ontoclasm_vaults_gateway, v_rooms_4,
          vaults_standard_mumra_lines, ontoclasm_vaults_ring_large,
          nicolae_vaults_tetromino_L_1, hangedman_vaults_corner,
          grunt_vaults_bifocal, vaults_dpeg_cross, vaults_dpeg_spiral,
          nicolae_vaults_little_squares_5, nicolae_vaults_closet_pinwheel_4,
          nicolae_vaults_closet_pinwheel_4, nicolae_vaults_house_2,
          layout_vaults_omnibox
Vaults:5: uniq_mara
Depths:1: minmay_bloctagon_deflated, layout_gridlike, enter_ziggurat_a,
          skrybe_limestone_x, grunt_mini_vestibule, nicolae_ashenzari_skybound
Depths:2: minmay_quarter_circles, layout_cave_shapes, pf_coc_iceberg,
          minmay_misc_feat_columns, rand_demon_pan_entry_9, st_stairs_13,
          firewood_loft, uniq_norris
Depths:3: regret_index_reflect_refract, layout_gridlike,
          roderic_lattice_octagonal_star, abyss_entry_flame_altar, hell_entry,
          uniq_parghit, uniq_xtahua, uniq_josephina
Depths:4: grunt_twist_and_shout, layout_small_grid, serial_rivers,
          chequers_serial_rivers_micro_c, chequers_serial_rivers_small_3,
          chequers_serial_rivers_small_3, chequers_serial_rivers_room_b,
          chequers_serial_rivers_micro_a, chequers_serial_rivers_small_b,
          hell_entry, serial_shops, nicolae_diamond_shop,
          nicolae_shop_temple_entry_statues_fountains,
          nicolae_abyss_entry_one_way_or_another
Zot:1:    grunt_deathspiral_small, layout_concentric_octagons,
          hangedman_zot_wheel_spokes
Zot:2:    layout_twisted_circle
Zot:3:    layout_cathedral_of_symmetry, gammafunk_ghost_split,
          grunt_ministairs_1, hangedman_zot_gyre
Zot:4:    layout_misc_corridors, skrybe_zot_glass_2, nicolae_zot_crop_circle,
          uniq_grunn, uniq_tiamat
Zot:5:    layout_misc_corridors, ebering_ghost_reflecting_pool

Skill      XL: |  1  2  3  4  5  6  7  8  9 10 11 12 13 14 15 16 17 18 19 20 21 22 23 24 25 26 27 |
---------------+----------------------------------------------------------------------------------+-----
Maces & Flails | 4 5 6 7 9 11 12 13 14 16 | 16.0
Fighting       | 4 5 6 8 9 10 11 13 14 15 16 17 19 20 | 20.0
Shields        | 3 5 6 7 9 11 15 16 18 20 | 20.0
Armour         | 4 6 8 10 11 13 15 16 17 18 19 20 | 20.0
Dodging        | 4 8 10 11 15 | 15.6
Throwing       | 8 12 16 19 | 19.8
Evocations     | 7 10 12 16 19 | 19.7
Invocations    | 9 17 20 | 20.1

Action                     |  1- 3 |  4- 6 |  7- 9 | 10-12 | 13-15 | 16-18 | 19-21 | 22-24 | 25-27 || total
---------------------------+-------+-------+-------+-------+-------+-------+-------+-------+-------++-------
  Melee: Mace              |    83 |    11 |       |       |       |       |       |       |       ||    94
         Punch             |     3 |     2 |    14 |       |       |       |       |       |       ||    19
         Morningstar       |       |   109 |   325 |    56 |       |       |       |       |       ||   490
         Flail             |       |       |       |    72 |       |       |       |       |       ||    72
         Demon whip        |       |       |       |   441 |   985 |       |       |       |       ||  1426
         Eveningstar       |       |       |       |       |   382 |  1216 |  1469 |  1189 |  2044 ||  6300
  Throw: Dart              |       |       |    17 |     3 |       |    16 |       |       |       ||    36
         Javelin           |       |       |       |       |       |       |    13 |       |    62 ||    75
         Boomerang         |       |       |       |       |       |       |    17 |       |   101 ||   118
 Invoke: Trog's Hand       |       |       |     4 |     5 |     6 |     8 |     7 |     5 |    15 ||    50
         Berserk           |       |       |     7 |     4 |     3 |     1 |       |     1 |     2 ||    18
         Brothers in Arms  |       |       |       |       |     2 |     6 |     2 |     4 |     7 ||    21
  Evoke: Wand              |       |       |       |     1 |     1 |     3 |       |     1 |    22 ||    28
         Lightning rod     |       |       |       |       |     7 |     4 |       |     4 |     4 ||    19
         Phial of floods   |       |       |       |       |       |       |       |     1 |       ||     1
         Tin of tremorston |       |       |       |       |       |       |       |       |     2 ||     2
         Sack of spiders   |       |       |       |       |       |       |       |       |     1 ||     1
    Use: Potion            |     3 |       |     3 |     2 |     2 |     4 |     2 |     1 |     6 ||    23
         Scroll            |     2 |       |    10 |     6 |    13 |     7 |     8 |     1 |    13 ||    60
   Stab: Sleeping          |     1 |       |       |       |       |       |       |       |       ||     1
         Betrayed ally     |       |       |       |       |     1 |       |       |       |       ||     1
         Petrified         |       |       |       |       |       |     4 |       |       |       ||     4
         Invisible         |       |       |       |       |       |     2 |       |       |       ||     2
         Distracted        |       |       |       |       |       |     2 |     2 |       |     3 ||     7
 Armour: Animal skin       |    23 |       |       |       |       |       |       |       |       ||    23
         Ring mail         |    16 |       |       |       |       |       |       |       |       ||    16
         Scale mail        |     5 |    78 |    30 |       |       |       |       |       |       ||   113
         Chain mail        |       |       |   261 |     4 |       |       |       |       |       ||   265
         Plate armour      |       |       |       |   305 |   293 |       |       |       |       ||   598
         Crystal plate arm |       |       |       |       |   294 |   794 |   864 |   604 |  1249 ||  3805
  Dodge: Dodged            |    44 |    52 |   127 |   132 |   176 |   223 |   247 |   218 |   458 ||  1677
  Block: Kite shield       |       |       |    25 |   226 |     9 |       |       |       |       ||   260
         Tower shield      |       |       |       |       |  1190 |  1578 |  1772 |  1537 |  2427 ||  8504

Table legend: (Time is in decaauts)
 A = Elapsed time spent in this place.
 B = Non-inter-level travel time spent in this place.
 C = Inter-level travel time spent in this place.
 D = Time resting spent in this place.
 E = Time spent auto-exploring this place.
 F = Levels seen in this place.
 G = Mean time per level.
                   A        B        C        D        E       F      G
               +--------+--------+--------+--------+--------+-----+--------+
         Total |  55048 |  49398 |   5650 |   5462 |  29185 |  52 | 1058.6 |
       Dungeon |  16974 |  14457 |   2517 |   1207 |  10104 |  15 | 1131.6 |
          Lair |   5171 |   4408 |    763 |     24 |   3211 |   5 | 1034.2 |
        Shoals |   4193 |   3584 |    609 |    146 |   1983 |   4 | 1048.2 |
     Snake Pit |   4460 |   4163 |    297 |    236 |   2713 |   4 | 1115.0 |
  Orcish Mines |   2132 |   1918 |    214 |     39 |   1339 |   2 | 1066.0 |
   Elven Halls |   4323 |   4169 |    154 |   1483 |   1615 |   3 | 1441.0 |
        Vaults |   6529 |   6000 |    529 |     72 |   3694 |   5 | 1305.8 |
        Depths |   4304 |   3968 |    336 |    131 |   2740 |   4 | 1076.0 |
           Zot |   4981 |   4752 |    229 |   1998 |   1246 |   5 |  996.2 |
         Abyss |    171 |    171 |      0 |      0 |      0 |   1 |  171.0 |
       Volcano |    356 |    356 |      0 |     63 |      0 |   1 |  356.0 |
        Wizlab |    276 |    276 |      0 |     17 |      0 |   1 |  276.0 |
    Desolation |    786 |    786 |      0 |      3 |    351 |   1 |  786.0 |
      Gauntlet |    386 |    386 |      0 |     40 |    187 |   1 |  386.0 |
               +--------+--------+--------+--------+--------+-----+--------+

Top non-repeatable levels by time:
   Elf:3: 2549 daAuts
   Zot:5: 1867 daAuts
   Zot:4: 1780 daAuts
 Snake:4: 1628 daAuts
Vaults:5: 1547 daAuts
    D:12: 1539 daAuts
     D:3: 1374 daAuts
  Lair:5: 1373 daAuts
     D:5: 1369 daAuts
Vaults:2: 1329 daAuts
    D:11: 1316 daAuts
     D:7: 1310 daAuts
Vaults:3: 1302 daAuts
   Orc:2: 1293 daAuts
     D:9: 1281 daAuts

Table legend:
 A = Kills in this place as a percentage of kills in the entire game.
 B = Kills by you in this place as a percentage of kills by you in the entire game.
 C = Kills by friends in this place as a percentage of kills by friends in the entire game.
 D = Other kills in this place as a percentage of other kills in the entire game.
 E = Experience gained in this place as a percentage of experience gained in the entire game.
 F = Experience gained in this place divided by the number of levels of this place that you have seen.
                   A       B       C       D       E      F
               +-------+-------+-------+-------+-------+----------------------
         Total | 100.0 | 100.0 | 100.0 | 100.0 | 100.0 | 27305.4
       Dungeon |  18.4 |  18.6 |  14.8 |   0.0 |   6.3 | 5989.1
          Lair |   9.0 |   9.1 |   4.9 |   0.0 |   4.1 | 11754.0
        Shoals |   7.3 |   7.1 |  13.6 |   0.0 |   6.6 | 23592.5
     Snake Pit |   9.2 |   9.4 |   4.9 |   0.0 |   9.0 | 31956.5
  Orcish Mines |   6.6 |   6.7 |   4.9 |   0.0 |   1.7 | 12375.0
   Elven Halls |   6.1 |   6.1 |   4.9 |  28.6 |   7.6 | 35855.3
        Vaults |  19.7 |  19.9 |  16.0 |   0.0 |  26.9 | 76446.6
        Depths |   8.3 |   8.6 |   1.2 |  14.3 |  13.3 | 47362.2
           Zot |   8.8 |   8.2 |  22.2 |  42.9 |  19.1 | 54311.2
         Abyss |   0.6 |   0.6 |   0.0 |   0.0 |   0.5 | 6592.0
       Volcano |   0.6 |   0.6 |   0.0 |   0.0 |   0.3 | 3848.0
        Wizlab |   1.5 |   1.6 |   0.0 |   0.0 |   1.5 | 21393.0
    Desolation |   3.7 |   3.4 |  12.3 |  14.3 |   2.8 | 40036.0
      Gauntlet |   0.1 |   0.1 |   0.0 |   0.0 |   0.1 | 1656.0
               +-------+-------+-------+-------+-------+----------------------
